 Dungeon Crawl Stone Soup version 0.28-a0-474-g535839065c (webtiles) character file.

Game seed: 7727419481890930271

21525 spiderkeys the Envoy of Void (level 12, -3/87 HPs)
             Began as an Octopode Abyssal Knight on Sept 16, 2021.
             Was a High Priest of Lugonu.
             Killed from afar by an ice dragon (32 damage)
             ... with a blast of cold
             ... on level 11 of the Dungeon.
             The game lasted 00:26:38 (13548 turns).

spiderkeys the Envoy of Void (OpAK)                Turns: 13548, Time: 00:26:39

Health: -3/87      AC:  3    Str: 20    XL:     12   Next: 90%
Magic:  20/20      EV: 25    Int: 14    God:    Lugonu [*****.]
Gold:   838        SH: 11    Dex: 17    Spells: 6/11 levels left

rFire   . . .      SeeInvis .   a - +1 trident "Jelly's Foe" {spect, rC- rCorr Dex+5 Stlth+}
rCold   . . .      Faith    .   U - +2 kite shield
rNeg    + . .      Spirit   .   R - +2 hat {Will+}
rPois   .          Reflect  .   g - amulet of regeneration
rElec   .          Harm     .   N - ring of positive energy
rCorr   +          Rampage  .   m - ring "Asyd Lei" {Wiz rC+ Str+4}
Will    +....                   E - +4 ring of evasion
Stlth   +++++.....              L - ring of flight
HPRegen 1.24/turn               Z - ring of wizardry
MPRegen 0.17/turn               e - +4 ring of evasion
                                z - ring of wizardry
                                (no ring)

@: flying
A: almost no armour, amphibious, 8 rings, camouflage 1, gelatinous body 1,
(nimble swimmer 1), tentacles
a: Renounce Religion, Depart the Abyss, Bend Space, Banish, Corrupt, Enter the
Abyss


You were on level 11 of the Dungeon.
You worshipped Lugonu.
Lugonu was extremely pleased with you.
You visited 1 branch of the dungeon, and saw 11 of its levels.
You visited the Abyss 1 time.
You also visited: Bailey.

You collected 871 gold pieces.
You spent 33 gold pieces at shops.


Innate Abilities, Weirdness & Mutations

You cannot wear most types of armour.
You are amphibious.
You can wear up to eight rings at the same time.
Your skin changes colour to match your surroundings (Stealth+).
Your rubbery body absorbs attacks. (AC +1, EV +1)
((You are camouflaged near water. (Stealth+)))
You have tentacles for arms and can constrict up to eight enemies at once.


   Skills:
 + Level 10.2 Fighting
 + Level 10.0 Polearms
 + Level 10.0 Dodging
 - Level 5.0 Stealth
 + Level 4.1 Shields
 - Level 8.0 Poison Magic
 + Level 10.7 Invocations


You had 6 spell levels left.
You knew the following spells:

 Your Spells              Type           Power      Damage    Failure   Level
m - Mephitic Cloud        Conj/Pois/Air  7%         N/A       22%         3
p - Poisonous Vapours     Pois/Air       22%        N/A       7%          2

Your spell library contained the following spells:

 Spells                   Type           Power      Damage    Failure   Level
 Spider Form              Tmut/Pois      5%         N/A       13%         3
 Beastly Appendage        Tmut           0%         N/A       22%         1
 Magic Dart               Conj           0%         1d3       22%         1
 Call Imp                 Summ           0%         N/A       32%         2
 Corpse Rot               Necr/Air       N/A        N/A       32%         2
 Static Discharge         Conj/Air       0%         N/A       32%         2
 Wereblood                Tmut           0%         N/A       32%         2
 Summon Guardian Golem    Hex/Summ       0%         N/A       52%         3
 Leda's Liquefaction      Hex/Erth       0%         N/A       87%         4
 Lee's Rapid Deconstruct  Erth           0%         3d5*      99%         5
 Lightning Bolt           Conj/Air       0%         1d11      99%         5
 Statue Form              Tmut/Erth      0%         N/A       100%        6
 Orb of Destruction       Conj           0%         N/A       100%        7
 Spellforged Servitor     Conj/Summ      0%         N/A       100%        7
 Maxwell's Capacitive Co  Air            0%         ∞         100%        8

Inventory:

Hand Weapons
 a - the +1 trident "Jelly's Foe" (weapon) {spect, rC- rCorr Dex+5 Stlth+}
   (You found it on level 3 of the Abyss)

   When its wielder attacks, the weapon's spirit leaps out and strikes again.
   The spirit shares a part of any damage it takes with its wielder.
   Dex:       It affects your dexterity (+5).
   rC:        It makes you vulnerable to cold.
   rCorr:     It protects you from acid and corrosion.
   Stlth:     It makes you more stealthy.
 b - the +9 staff of Olgreb {rPois∞}
   (You acquired it on level 6 of the Dungeon)

   If the wielder is skilled in Evocations, they can envenom those struck by it,
   dealing poison damage which bypasses armour.
   It enhances your poison magic.
   It grants immunity to poison.
   It can be evoked to radiate toxic energy, with effectiveness depending on
   Evocations skill.
 x - a +4 vorpal spear
   (You took it off a gnoll sergeant on level 8 of the Dungeon)
Missiles
 d - 399 stones
 k - 126 sling bullets
 n - 18 javelins
 s - 6 boomerangs
 y - 25 poisoned darts
 G - 37 bolts
 J - 3 throwing nets {=f!f}
 V - 92 arrows
Armour
 R - a +2 hat of willpower (worn)
   (You acquired it in a bailey)
 U - a +2 kite shield (worn)
   (You found it on level 11 of the Dungeon)
Jewellery
 e - a +4 ring of evasion (on tentacle)
   (You found it on level 7 of the Dungeon)
 f - a ring of fire
   (You found it on level 11 of the Dungeon)
 g - an amulet of regeneration (around mantle)
   (You found it on level 10 of the Dungeon)
 m - the ring "Asyd Lei" (right tentacle) {Wiz rC+ Str+4}
   (You took it off a hobgoblin on level 4 of the Dungeon)

   [ring of wizardry]

   It improves your spell success rate.
   Str:       It affects your strength (+4).
   rC:        It protects you from cold.
 z - a ring of wizardry (on tentacle)
   (You found it on level 8 of the Dungeon)
 C - a ring of ice
   (You found it on level 7 of the Dungeon)
 E - a +4 ring of evasion (on tentacle)
   (You found it on level 4 of the Dungeon)
 F - a ring of fire
   (You found it on level 10 of the Dungeon)
 K - a ring of wizardry
   (You found it on level 9 of the Dungeon)
 L - a ring of flight (on tentacle)
   (You found it on level 4 of the Dungeon)
 N - a ring of positive energy (left tentacle)
   (You found it on level 3 of the Dungeon)
 Y - the amulet of Leicw {Acrobat rPois rF++ rC-}
   (You found it on level 11 of the Dungeon)

   [amulet of the acrobat]

   It increases your evasion while moving and waiting.
   rF:        It greatly protects you from fire.
   rC:        It makes you vulnerable to cold.
   rPois:     It protects you from poison.
 Z - a ring of wizardry (on tentacle)
   (You found it on level 5 of the Dungeon)
Wands
 j - a wand of iceblast (3)
   (You found it on level 3 of the Dungeon)
 q - a wand of mindburst (15)
   (You found it on level 8 of the Dungeon)
 w - a wand of flame (28)
   (You took it off Crazy Yiuf on level 6 of the Dungeon)
 D - a wand of polymorph (24)
   (You found it on level 8 of the Dungeon)
 Q - a wand of paralysis (19)
   (You found it on level 8 of the Dungeon)
Scrolls
 l - a scroll of summoning
 r - 2 scrolls of teleportation {@r4}
 u - 4 scrolls of enchant armour
 B - a scroll of immolation {!r!r}
 S - 3 scrolls of enchant weapon
 T - a scroll of identify {@r1}
 W - a scroll of magic mapping {!r}
 X - a scroll of brand weapon {unknown}
Potions
 c - 2 potions of might
 h - a potion of heal wounds {@q2}
 i - a potion of flight {unknown}
 o - 6 potions of curing {unknown}
 p - 4 potions of cancellation {unknown}
 t - a potion of resistance {unknown}
 v - 2 potions of degeneration {unknown}
 A - a potion of lignification {unknown}
 H - a potion of ambrosia {unknown}
 I - 4 potions of mutation {unknown}
 M - a potion of attraction {unknown}
 O - 2 potions of berserk rage {!q}
 P - a potion of magic {unknown}

Dungeon Overview and Level Annotations

Branches:
Dungeon (11/15)            Temple (0/1) D:4            Lair (0/6) D:11
    Orc (0/2) D:11         Bailey (visited)

Altars:
Dithmenos
Elyvilon
Okawaru
Sif Muna
Trog
Uskayaw
Vehumet
Wu Jian
Yredelemnul
The Shining One

Shops:
D:8

[(*
#..#*,,♣...#...♣,,**≈≈≈≈≈,,,
#..#*♣...♣..)♣...♣**≈≈≈≈,,,≈
#..# ###*♣♣.♣♣*### *≈≈≈,,,≈≈
#..#*♣.**♣#.#♣**.♣**≈≈,,,≈≈≈
#..#*,♣.♣#.#.#♣.♣,****,,,,**
#..#,***..#8#..♣**,,,,,,,*,,
#..#*,♣.♣#.#.#♣.♣,****,,,,**
#..#*♣.**♣#.#♣**.♣**≈≈,,,≈≈≈
#..#*#****#@# **#**≈≈≈,,,≈≈
#..#......D(#***,,,*≈≈≈≈,,,≈
#..#.♣.######,,+,*,*≈≈≈≈≈,,,
#..#,*,*,,,+,,,*,*,*≈≈≈≈≈≈*,
#..#,*,+,,******,*,**≈≈≈≈≈*,
#..#,,,****,,,,,,,,*******##
#..#***######**###** ######<
#..# ♣♣.)..♣ ♣♣.♣♣ ♣♣......
#..#♣♣♣.♣♣..♣♣♣.♣.♣#♣.######


You could see an ice dragon (catching breath, ally target) and a friendly +1
trident "Jelly's Foe" {spect, rC- rCorr Dex+5 Stlth+} (summoned).


Message History

You hit the gargoyle but do no damage.
Your +1 trident "Jelly's Foe" {spect, rC- rCorr Dex+5 Stlth+} hits the gargoyle but does no damage.
You constrict the gargoyle. The gargoyle misses you. 😕 HP[+2]
You regained 2 hp, and now have 74/87 hp.
You hit the gargoyle but do no damage. You squeeze the gargoyle.
Your +1 trident "Jelly's Foe" {spect, rC- rCorr Dex+5 Stlth+} hits the gargoyle from afar.
You constrict the gargoyle, but do no damage.
The gargoyle hurls a stone arrow at you.
The stone arrow hits you!! 😮 HP[-23]
You take 23 damage, and now have 51/87 hp.
MASSIVE DAMAGE!! (PAUSE)
You hit the gargoyle but do no damage. You squeeze the gargoyle!
You destroy the gargoyle!
Lugonu accepts your kill.
Your Polearms skill increases to level 10! 😮 HP[+1] 😮 HP[+1] MP[+1] 😮 HP[+2]
You regained 2 hp, and now have 55/87 hp.
You start resting. 😎 HP[+32] MP[+4]
Your hp is fully restored (87).
You regained 4 mp, and now have 15/20 mp.
You start resting. 😎 MP[+5]
Your mp is fully restored (20).
Key pressed, stopping explore.
You can't see any susceptible monsters within range! (Use Z to cast anyway.)
You see here a +0 mace.
Items here: )))) [[ ††.
Y - the amulet of Leicw {Acrobat rPois rF++ rC-} You now have 838 gold pieces (gained 21).
An ice dragon comes into view.
You reach to attack!
The ice dragon roars deafeningly!
You hit the ice dragon.
Your +1 trident "Jelly's Foe" {spect, rC- rCorr Dex+5 Stlth+} hits the ice dragon from afar!
You barely miss the ice dragon. Your squeeze misses the ice dragon.
Your +1 trident "Jelly's Foe" {spect, rC- rCorr Dex+5 Stlth+} hits the ice dragon!
The ice dragon bites you! The ice dragon claws you!
You block the ice dragon's attack. 😕 HP[-20]
You take 20 damage, and now have 67/87 hp.
MASSIVE DAMAGE!! (PAUSE)
You barely miss the ice dragon.
Your +1 trident "Jelly's Foe" {spect, rC- rCorr Dex+5 Stlth+} hits the ice dragon!
You block the ice dragon's attack. The ice dragon claws you.
You block the ice dragon's attack.
You puncture the ice dragon! You squeeze the ice dragon.
Your +1 trident "Jelly's Foe" {spect, rC- rCorr Dex+5 Stlth+} hits the ice dragon.
The ice dragon breathes frost at you. The blast of cold hits you!!!
* * * LOW HITPOINT WARNING * * *
You hear a shout! 😨 HP[-36]
You take 36 damage, and now have 31/87 hp.
MASSIVE DAMAGE!! (PAUSE)
You feel much better. The ice dragon misses you. x3 😮 HP[+22]
You regained 22 hp, and now have 53/87 hp.
You hit the ice dragon but do no damage.
Your +1 trident "Jelly's Foe" {spect, rC- rCorr Dex+5 Stlth+} hits the ice dragon!
The ice dragon bites you. The ice dragon barely misses you.
The ice dragon completely misses you. 😮 HP[-1]
You take 1 damage, and now have 52/87 hp.
You hit the ice dragon but do no damage.
You squeeze the ice dragon, but do no damage.
Your +1 trident "Jelly's Foe" {spect, rC- rCorr Dex+5 Stlth+} barely misses the ice dragon.
The ice dragon bites you. The ice dragon claws you!
* * * LOW HITPOINT WARNING * * *
The ice dragon tramples you.
* * * LOW HITPOINT WARNING * * *
You hold your ground! 😨 HP[-18]
You take 18 damage, and now have 34/87 hp.
MASSIVE DAMAGE!! (PAUSE)
You hit the ice dragon but do no damage.
Your +1 trident "Jelly's Foe" {spect, rC- rCorr Dex+5 Stlth+} hits the ice dragon.
The ice dragon bites your +1 trident "Jelly's Foe" {spect, rC- rCorr Dex+5 Stlth+} but does no damage.
The ice dragon claws your +1 trident "Jelly's Foe" {spect, rC- rCorr Dex+5 Stlth+}!
Your spectral weapon shares its damage with you!
* * * LOW HITPOINT WARNING * * *
The ice dragon closely misses your +1 trident "Jelly's Foe" {spect, rC- rCorr Dex+5 Stlth+}. 😨 HP[-3]
You take 3 damage, and now have 31/87 hp.
You puncture the ice dragon! Your squeeze misses the ice dragon.
Your +1 trident "Jelly's Foe" {spect, rC- rCorr Dex+5 Stlth+} hits the ice dragon but does no damage.
The ice dragon closely misses you. The ice dragon claws you.
* * * LOW HITPOINT WARNING * * *
The ice dragon misses you. 😨 HP[-3]
You take 3 damage, and now have 28/87 hp.
You hit the ice dragon.
Your +1 trident "Jelly's Foe" {spect, rC- rCorr Dex+5 Stlth+} hits the ice dragon!
The ice dragon breathes frost at you. The blast of cold hits you!!
You die...

Skill      XL: |  1  2  3  4  5  6  7  8  9 10 11 12 |
---------------+-------------------------------------+-----
Stealth        | 1 2 3 4 5 |  5.0
Fighting       | 4 5 6 7 9 10 | 10.2
Polearms       | 3 4 5 6 7 9 10 | 10.0
Dodging        | 3 4 5 6 7 9 10 | 10.0
Invocations    | 3 4 5 6 8 9 10 | 10.7
Poison Magic   | 1 4 5 7 8 |  8.0
Shields        | 4 |  4.1

Action                   |  1- 3 |  4- 6 |  7- 9 | 10-12 || total
-------------------------+-------+-------+-------+-------++-------
Melee: Trident           |    46 |    54 |   129 |   350 ||   579
       Constrict         |     9 |     5 |    24 |    52 ||    90
       Tentacles         |     3 |     5 |    26 |    83 ||   117
Throw: Throwing net      |       |       |       |     2 ||     2
 Cast: Poisonous Vapours |       |       |    10 |    17 ||    27
Invok: Depart the Abyss  |     1 |       |       |       ||     1
       Banish            |       |       |       |     3 ||     3
       Bend Space        |       |       |       |     4 ||     4
 Abil: Evoke the Staff o |       |       |    10 |    34 ||    44
Evoke: Wand              |       |       |       |     4 ||     4
  Use: Scroll            |     2 |     2 |     7 |     6 ||    17
       Potion            |       |       |       |     5 ||     5
 Stab: Sleeping          |    10 |    14 |    13 |    12 ||    49
       Distracted        |       |       |     4 |     7 ||    11
Armor: Skin              |       |     2 |     5 |     6 ||    13
Dodge: Dodged            |    12 |    10 |    73 |   306 ||   401
Block: Kite shield       |       |       |       |    45 ||    45

Levels and vault maps discovered:
D:1:      eino_arrival_tree_alley, layout_loops_corners,
          dreamdust_ecumenical_altar_drowned_temple
D:2:      layout_basic, st_stairs_8, uniq_sigmund, uniq_jessica
D:3:      layout_rooms, grunt_temple_overflow_bloody_war, marbit_many_paths,
          minmay_liquid_box
D:4:      layout_cave_pools, minmay_temple_entry_statues_pillars
D:5:      layout_gridville, overflow_temple_1_default
D:6:      layout_loops_ring, mainiacjoe_overflow_tiny_flanked,
          kb_lookout_dungeons_type, chequers_serial_rivers_micro_a,
          uniq_grinder, uniq_crazy_yiuf_cottage
D:7:      layout_basic, kennysheep_ying_yang, tso_metal_star
D:8:      layout_loops_cross, serial_shops, nicolae_shop_statue_plus,
          nicolae_shop_window_shopping, nicolae_shop_crystal,
          ebering_ghost_inner_flame, minmay_increasing_density, uniq_grum
D:9:      layout_basic, nicolae_dithmenos_shadow_blocks, grunt_ministairs_15,
          uniq_psyche, uniq_pikel
D:10:     layout_basic
D:11:     nzn_winding_woodlands_huge [nzn_winding_woodlands_5x15_crooked,
          nzn_winding_woodlands_5x15_longhouse,
          nzn_winding_woodlands_5x15_garden,
          nzn_winding_woodlands_5x15_sidewinder,
          nzn_winding_woodlands_5x15_pool, nzn_winding_woodlands_5x15_eye,
          nzn_winding_woodlands_5x15_river_crossing,
          nzn_winding_woodlands_5x15_concentric,
          nzn_winding_woodlands_5x15_zeroes, nzn_winding_woodlands_5x15_twine,
          nzn_winding_woodlands_center_diamonds,
          nzn_winding_woodlands_center_lodge,
          nzn_winding_woodlands_15x15_eel_pit], layout_long_grid,
          lair_entry_dummy, orc_0_dummy, enter_bailey_4,
          pdpol_wu_jian_five_deadly_venoms

Notes
Turn   | Place    | Note
-------+----------+-------------------------------------------
     0 | Abyss:1  | spiderkeys the Octopode Abyssal Knight began the quest for
                  | the Orb.
     0 | Abyss:1  | Reached XP level 1. HP: 16/16 MP: 2/2
     0 | Abyss:1  | magus.rc [v1.9.10]
    23 | Abyss:1  | Noticed an ancient zyme
    36 | Abyss:1  | You pick up a book of Dangerous Friends and begin
                  | reading...
    36 | Abyss:1  | You add the spells Summon Guardian Golem, Orb of
                  | Destruction and Spellforged Servitor to your library.
    71 | Abyss:2  | Noticed an eidolon
   102 | Abyss:3  | Noticed a raiju
   102 | Abyss:3  | Noticed a raiju
   107 | Abyss:3  | Identified the +1 trident "Jelly's Foe" {spect, rC- rCorr
                  | Dex+5 Stlth+}
   133 | Abyss:3  | Found a candlelit altar of Ignis.
   151 | Abyss:3  | Noticed a sixfirhy
   153 | Abyss:3  | Noticed a wretched star
   160 | Abyss:3  | Noticed an ancient zyme
   181 | Abyss:3  | Noticed a smoke demon
   185 | D:1      | You pass through the gate.
   185 | D:1      | Escaped the Abyss
   322 | D:1      | Reached XP level 2. HP: 21/21 MP: 3/3
   325 | D:1      | Reached skill level 1 in Stealth
   492 | D:1      | Found a faded altar of an unknown god.
   534 | D:1      | Reached * piety under Lugonu
   572 | D:1      | Reached XP level 3. HP: 22/26 MP: 4/4
  1289 | D:2      | Reached skill level 2 in Stealth
  1289 | D:2      | Reached XP level 4. HP: 27/31 MP: 4/6
  1398 | D:2      | You pick up a book of Minor Magic and begin reading...
  1398 | D:2      | You add the spells Magic Dart, Call Imp and Mephitic Cloud
                  | to your library.
  1598 | D:2      | Noticed Sigmund
  1606 | D:2      | Killed Sigmund
  1607 | D:2      | Reached skill level 4 in Fighting
  1607 | D:2      | Reached skill level 3 in Polearms
  1607 | D:2      | Reached skill level 3 in Dodging
  1607 | D:2      | Reached skill level 3 in Stealth
  1607 | D:2      | Reached skill level 3 in Invocations
  1607 | D:2      | Reached XP level 5. HP: 32/37 MP: 7/7
  1607 | D:2      | Reached XP level 6. HP: 37/43 MP: 8/8
  1691 | D:2      | You pick up a book of Vapours and begin reading...
  1691 | D:2      | You add the spells Poisonous Vapours and Corpse Rot to your
                  | library.
  2009 | D:2      | Noticed Jessica
  2011 | D:2      | Killed Jessica
  2352 | D:3      | Reached ** piety under Lugonu
  2528 | D:3      | Found a hide-covered altar of Uskayaw.
  2655 | D:3      | Found a bloodstained altar of Trog.
  2659 | D:3      | Found an iron altar of Okawaru.
  2661 | D:3      | Reached skill level 4 in Stealth
  2957 | D:4      | Identified the ring "Asyd Lei" {Wiz rC+ Str+4}
  2963 | D:4      | Reached skill level 4 in Invocations
  2963 | D:4      | Reached XP level 7. HP: 23/49 MP: 8/10
  2964 | D:4      | Reached skill level 4 in Dodging
  3140 | D:4      | Found a staircase to the Ecumenical Temple.
  3222 | D:4      | Learned a level 2 spell: Poisonous Vapours
  3577 | D:5      | Entered Level 5 of the Dungeon
  3579 | D:5      | Reached skill level 4 in Polearms
  3585 | D:5      | Reached skill level 5 in Stealth
  3585 | D:5      | Reached skill level 1 in Poison Magic
  3590 | D:5      | Found a radiant altar of Vehumet.
  3600 | D:5      | Reached *** piety under Lugonu
  3600 | D:5      | HP: 11/49 [poisoned by a water moccasin]
  3601 | D:5      | Reached XP level 8. HP: 12/54 MP: 11/11
  3604 | D:5      | HP: 5/54 [poisoned by a water moccasin]
  3607 | D:5      | HP: 2/54 [poisoned by a water moccasin]
  3927 | D:5      | Reached skill level 5 in Fighting
  3927 | D:5      | Reached skill level 2 in Poison Magic
  4014 | D:5      | Reached skill level 5 in Invocations
  4237 | D:6      | Found a shimmering blue altar of Sif Muna.
  4308 | D:6      | Reached skill level 3 in Poison Magic
  4589 | D:6      | Reached skill level 5 in Dodging
  4734 | D:6      | Noticed a wyvern
  4743 | D:6      | Killed a wyvern
  4744 | D:6      | Reached skill level 5 in Polearms
  4957 | D:6      | Noticed Grinder
  4967 | D:6      | Killed Grinder
  4968 | D:6      | Reached skill level 4 in Poison Magic
  4968 | D:6      | Reached XP level 9. HP: 60/62 MP: 13/13
  4971 | D:6      | Reached skill level 6 in Invocations
  5026 | D:6      | Reached skill level 6 in Fighting
  5377 | D:6      | Found the +5 demon whip "Spellbinder" {antimagic, Will+}
  5402 | D:6      | Found a runed translucent door.
  5403 | D:6      | Noticed Crazy Yiuf
  5727 | D:6      | You pick up a book of Changes and begin reading...
  5727 | D:6      | You add the spells Beastly Appendage, Wereblood and Spider
                  | Form to your library.
  5961 | D:6      | Killed Crazy Yiuf
  6077 | D:6      | Identified a scroll of acquirement
  6078 | D:6      | Acquired the +9 staff of Olgreb {rPois∞}
  6078 | D:6      | Found the +9 staff of Olgreb {rPois∞}
  6087 | D:6      | Learned a level 3 spell: Mephitic Cloud
  6282 | D:7      | Found a glowing golden altar of the Shining One.
  6301 | D:7      | Found a basalt altar of Yredelemnul.
  6366 | D:7      | Reached skill level 6 in Dodging
  6366 | D:7      | Reached skill level 5 in Poison Magic
  6523 | D:7      | Killed an unseen horror
  6524 | D:7      | Reached skill level 6 in Polearms
  6993 | D:7      | Found a white marble altar of Elyvilon.
  7068 | D:8      | Reached XP level 10. HP: 42/69 MP: 6/15
  7302 | D:8      | Reached skill level 7 in Invocations
  7304 | D:8      | Reached skill level 6 in Poison Magic
  7307 | D:8      | Reached **** piety under Lugonu
  7308 | D:8      | Reached skill level 7 in Fighting
  7340 | D:8      | HP: 17/71 [gnoll sergeant (5)]
  7606 | D:8      | Noticed Grum
  7617 | D:8      | Killed Grum
  7829 | D:8      | Found Lahao's Weapon Shop.
  7845 | D:8      | You pick up a book of Lightning and begin reading...
  7845 | D:8      | You add the spells Static Discharge, Lightning Bolt and
                  | Maxwell's Capacitive Coupling to your library.
  7924 | D:8      | Found a runed translucent door.
  7926 | D:8      | Noticed lmSkywalker's ghost (novice MiFi)
  7962 | D:8      | Reached skill level 7 in Dodging
  7970 | D:8      | Killed lmSkywalker's ghost
  7971 | D:8      | Reached skill level 7 in Polearms
  8405 | D:8      | Reached skill level 7 in Poison Magic
  8475 | D:8      | Found Miyveys's Armour Shop.
  8479 | D:8      | Found Ydwacum's Assorted Antiques.
  8559 | D:8      | Bought a scroll labelled GIKKAR BOSUOH for 33 gold pieces
  8680 | D:8      | Noticed a cyan ugly thing
  8691 | D:8      | Banished a cyan ugly thing
  8692 | D:8      | Reached skill level 8 in Invocations
  9135 | D:9      | Reached XP level 11. HP: 61/77 MP: 17/17
  9216 | D:9      | Found a shadowy altar of Dithmenos.
  9224 | D:9      | Reached skill level 8 in Fighting
  9398 | D:9      | Noticed Pikel
  9405 | D:9      | Noticed Psyche
  9406 | D:9      | Killed Pikel
  9413 | D:9      | Killed Psyche
  9494 | D:9      | Reached skill level 8 in Poison Magic
  9508 | D:9      | Reached skill level 8 in Dodging
  9649 | D:9      | Reached skill level 8 in Polearms
 10379 | D:10     | Entered Level 10 of the Dungeon
 10728 | D:10     | Reached skill level 9 in Invocations
 11256 | D:11     | Reached ***** piety under Lugonu
 11335 | D:11     | Found a flagged portal.
 11347 | D:11     | HP: 13/78 [gargoyle/stone arrow (31)]
 11356 | Bailey   | Entered a bailey
 11656 | Bailey   | Acquired a +2 hat of willpower
 11664 | Bailey   | Noticed an orc knight
 11664 | Bailey   | Noticed an orc knight
 11686 | Bailey   | HP: 10/78 [orc knight (20)]
 11692 | Bailey   | HP: 13/78 [orc knight (20)]
 11694 | Bailey   | Killed an orc knight
 11695 | Bailey   | Reached skill level 9 in Fighting
 11728 | Bailey   | HP: 16/80 [orc knight (24)]
 11734 | Bailey   | Killed an orc knight
 12035 | Bailey   | Noticed an orc knight
 12045 | Bailey   | Noticed an orc knight
 12055 | Bailey   | Killed an orc knight
 12056 | Bailey   | Reached skill level 9 in Dodging
 12334 | Bailey   | Killed an orc knight
 12335 | Bailey   | Reached skill level 9 in Polearms
 12335 | Bailey   | Reached XP level 12. HP: 55/85 MP: 7/19
 12624 | D:11     | Reached skill level 1 in Shields
 12651 | D:11     | Found a staircase to the Lair.
 12663 | D:11     | Found a staircase to the Orcish Mines.
 12821 | D:11     | You pick up a book of the Earth and begin reading...
 12821 | D:11     | You add the spells Leda's Liquefaction, Lee's Rapid
                  | Deconstruction and Statue Form to your library.
 12970 | D:11     | Found an ornate altar of the Wu Jian Council.
 13061 | D:11     | Noticed a two-headed ogre
 13067 | D:11     | Killed a two-headed ogre
 13068 | D:11     | Reached skill level 10 in Invocations
 13111 | D:11     | Noticed a six-headed hydra
 13130 | D:11     | Banished a six-headed hydra
 13131 | D:11     | Reached skill level 2 in Shields
 13231 | D:11     | Noticed a two-headed ogre
 13237 | D:11     | Killed a two-headed ogre
 13346 | D:11     | Noticed a two-headed ogre
 13353 | D:11     | Killed a two-headed ogre
 13354 | D:11     | Reached skill level 3 in Shields
 13385 | D:11     | Noticed a two-headed ogre
 13390 | D:11     | Killed a two-headed ogre
 13395 | D:11     | Reached skill level 10 in Fighting
 13416 | D:11     | Noticed an ogre mage
 13422 | D:11     | Killed an ogre mage
 13428 | D:11     | Reached skill level 10 in Dodging
 13437 | D:11     | Reached skill level 4 in Shields
 13449 | D:11     | Reached skill level 10 in Polearms
 13533 | D:11     | Identified the amulet of Leicw {Acrobat rPois rF++ rC-}
 13538 | D:11     | Noticed an ice dragon
 13548 | D:11     | Killed from afar by an ice dragon

Vanquished Creatures
  An ogre mage (D:11)
  The ghost of lmSkywalker the Severer, a novice MiFi of Okawaru (D:8)
  4 two-headed ogres (D:11)
  Pikel (D:9)
  4 orc knights (Bailey)
  An ugly thing (D:11)
  2 gargoyles (D:11)
  Psyche (D:9)
  An unseen horror (D:7)
  A kobold demonologist (D:11)
  A komodo dragon (D:11)
  2 trolls (D:11)
  Grinder (D:6)
  A hornet (D:11)
  Sigmund (D:2)
  2 vampires
  3 wraiths
  2 shadows (D:11)
  15 yaks
  3 wyverns
  Grum (D:8)
  2 steam dragons
  6 vampire mosquitoes
  An acid dragon (D:11)
  A water moccasin (D:5)
  7 orc warriors
  An ice beast (D:7)
  A necrophage (D:5)
  A sky beast (D:7)
  A black bear (D:5)
  2 wolves (D:8)
  A lemure (D:9)
  3 ogres
  2 phantoms
  5 centaurs
  2 kobold brigands
  8 bullfrogs
  4 gnoll sergeants
  2 water moccasin zombies (D:6)
  14 killer bees
  6 wights
  4 howler monkeys
  An electric eel (D:10)
  A bullfrog zombie (D:7)
  7 centaur zombies
  3 hounds
  2 jellies
  A centaur skeleton (D:6)
  9 orc priests
  Crazy Yiuf (D:6)
  2 gnoll shamans
  Jessica (D:2)
  4 iguanas
  6 orc wizards
  5 adders
  25 gnolls
  An adder skeleton (D:4)
  3 worms
  5 dart slugs
  54 orcs
  6 ball pythons
  2 bats
  6 endoplasms
  2 giant cockroaches
  12 hobgoblins
  10 jackals
  13 kobolds
  2 quokkas
  2 frilled lizards (D:2)
  11 goblins
  6 rats
  A spectral goblin (D:1)
327 creatures vanquished.

Vanquished Creatures (others)
  A wizard (D:11)
  A wolf (D:8)
  An orc priest (D:8)
  A bush (D:6)
  11 plants (D:11)
15 creatures vanquished.

Grand Total: 342 creatures vanquished

Table legend:
 A = Non-vault XP
 B = Vault XP
 C = Vault XP percentage of total XP
 D = Non-vault monster count
 E = Vault monster count
 F = Vault count percentage of total count
                 A         B        C        D         E       F
            +---------+---------+-------+---------+---------+-------
      Total |   11269 |   19482 |  63.4 |     226 |     105 |  31.7
            +---------+---------+-------+---------+---------+-------
        D:1 |      46 |       1 |   2.1 |      26 |       1 |   3.7
        D:2 |     101 |     264 |  72.3 |      19 |       4 |  17.4
        D:3 |     161 |       8 |   4.7 |      18 |       2 |  10.0
        D:4 |     273 |       0 |   0.0 |      24 |       0 |   0.0
        D:5 |     760 |       0 |   0.0 |      14 |       0 |   0.0
        D:6 |    1011 |     427 |  29.7 |      19 |       3 |  13.6
        D:7 |    1311 |       0 |   0.0 |      12 |       0 |   0.0
        D:8 |    2229 |    1899 |  46.0 |      23 |      11 |  32.4
        D:9 |    1621 |    2030 |  55.6 |      35 |      10 |  22.2
       D:10 |    2084 |       0 |   0.0 |      22 |       0 |   0.0
       D:11 |    1672 |   11509 |  87.3 |      14 |      34 |  70.8
     Bailey |       0 |    3344 | 100.0 |       0 |      40 | 100.0
            +---------+---------+-------+---------+---------+-------

Illustrated notes

Table legend:
 A = Kills in this place as a percentage of kills in entire the game.
 B = Kills by you in this place as a percentage of kills by you in the entire game.
 C = Kills by friends in this place as a percentage of kills by friends in the entire game.
 D = Other kills in this place as a percentage of other kills in the entire game.
 E = Experience gained in this place as a percentage of experience gained in the entire game.
 F = Experience gained in this place divided by the number of levels of this place that you have seen.
                   A       B       C       D       E      F
               +-------+-------+-------+-------+-------+----------------------
         Total | 100.0 | 100.0 |   N/A | 100.0 | 100.0 | 2050.1
       Dungeon |  87.9 |  87.7 |   N/A | 100.0 |  89.1 | 2491.5
        Bailey |  12.1 |  12.3 |   N/A |   0.0 |  10.9 | 3344.0
               +-------+-------+-------+-------+-------+----------------------

Table legend: (Time is in decaauts)
 A = Elapsed time spent in this place.
 B = Non-inter-level travel time spent in this place.
 C = Inter-level travel time spent in this place.
 D = Time resting spent in this place.
 E = Time spent auto-exploring this place.
 F = Levels seen in this place.
 G = Mean time per level.
                   A        B        C        D        E       F      G
               +--------+--------+--------+--------+--------+-----+--------+
         Total |  13532 |  13246 |    286 |   1406 |   9688 |  15 |  902.1 |
       Dungeon |  12240 |  11954 |    286 |    973 |   9209 |  11 | 1112.7 |
         Abyss |    183 |    183 |      0 |      0 |     78 |   3 |   61.0 |
        Bailey |   1108 |   1108 |      0 |    433 |    401 |   1 | 1108.0 |
               +--------+--------+--------+--------+--------+-----+--------+

Top non-repeatable levels by time:
     D:6: 1917 daAuts
     D:8: 1642 daAuts
     D:9: 1429 daAuts
    D:11: 1202 daAuts
     D:7: 1147 daAuts
  Bailey: 1108 daAuts
     D:2: 998 daAuts
     D:1: 947 daAuts
    D:10: 845 daAuts
     D:3: 771 daAuts
     D:4: 691 daAuts
     D:5: 648 daAuts
 Abyss:3: 112 daAuts
 Abyss:1: 59 daAuts
 Abyss:2: 12 daAuts
